 Dungeon Crawl Stone Soup version 0.27-a0-1149-g4505690ab0 (webtiles) character file.

Game seed: 15059095606754001390

34 voltaire321 the Digger (level 3, 0/23 HPs)
             Began as an Octopode Earth Elementalist on May 13, 2021.
             Slain by a gnoll
             ... wielding a +0 flail
              (10 damage)
             ... on level 2 of the Dungeon.
             The game lasted 00:04:52 (1711 turns).

voltaire321 the Digger (OpEE)                       Turns: 1711, Time: 00:04:52

Health: 0/23       AC:  1    Str:  7    XL:     3   Next: 31%
Magic:  6/6        EV: 13    Int: 18    God:
Gold:   63         SH:  0    Dex: 12    Spells: 3/6 levels left

rFire    . . .     SeeInvis .   d - +0 dagger
rCold    . . .     Faith    .   (no shield)
rNeg     . . .     Spirit   .   (helmet restricted)
rPois    .         Reflect  .   (no amulet)
rElec    .         Harm     .   (no ring)
rCorr    .         Rampage  .   (no ring)
Will     .....                  (no ring)
Stlth    +++.......             (no ring)
HPRegen  0.07/turn              (no ring)
MPRegen  0.10/turn              (no ring)
                                (no ring)
                                (no ring)

@: no status effects
A: almost no armour, amphibious, 8 rings, camouflage 1, gelatinous body 1,
(nimble swimmer 1), tentacles
a: no special abilities


You were on level 2 of the Dungeon.
You visited 1 branch of the dungeon, and saw 2 of its levels.

You collected 63 gold pieces.

Inventory:

Hand Weapons
 d - a +0 dagger (weapon)
Missiles
 b - 125 stones
Scrolls
 a - 2 scrolls of enchant weapon {unknown}
 c - a scroll of identify {unknown}
Potions
 e - a potion of magic {unknown}


   Skills:
 + Level 1.0 Fighting
 + Level 2.4 Dodging
 - Level 2.6 Stealth
 + Level 2.3 Spellcasting
 + Level 1.5 Transmutations
 + Level 3.2 Earth Magic


You had 3 spell levels left.
You knew the following spells:

 Your Spells              Type           Power      Damage    Failure   Level
a - Sandblast             Erth           26%        2d8       4%          1
b - Passwall              Tmut/Erth      8%         N/A       10%         2

Your spell library contained the following spells:

 Spells                   Type           Power      Damage    Failure   Level
 Stone Arrow              Conj/Erth      14%        3d7       26%         3
 Petrify                  Tmut/Erth      10%        N/A       54%         4
 Lee's Rapid Deconstruct  Erth           6%         3d7*      77%         5


Dungeon Overview and Level Annotations

Branches:
Dungeon (2/15)

Altars:

Shops:
D:1 (


Innate Abilities, Weirdness & Mutations

You cannot wear most types of armour.
You are amphibious.
You can wear up to eight rings at the same time.
Your skin changes colour to match your surroundings (Stealth+).
Your rubbery body absorbs attacks. (AC +1, EV +1)
((You are camouflaged near water. (Stealth+)))
You have tentacles for arms and can constrict up to eight enemies at once.


Message History

You squeeze the bat.
You kill the bat!
No target in view!
You start resting.
HP restored.
Found a spear.
A gnoll comes into view. It is wielding a +0 flail.
e - a red potion You see here a hobgoblin skeleton.
A gnoll is nearby!
A frilled lizard comes into view.
The gnoll shouts!
You hear a shout!
A gnoll comes into view. It is wielding a +0 spear.
The frilled lizard moves out of view.
You hear an angry hiss.
A gnoll comes into view. It is wielding a +0 spear.
Found a cyan potion.
The gnoll closely misses you.
The gnoll shouts!
You hit the gnoll but do no damage. You grab the gnoll.
You constrict the gnoll, but do no damage.
You hear an angry hiss.
The gnoll misses you.
You hit the gnoll.
The gnoll is lightly wounded.
You constrict the gnoll.
The gnoll hits you from afar with a +0 spear.
The gnoll struggles to escape constriction.
The gnoll closely misses you.
You hit the gnoll but do no damage.
The gnoll is lightly wounded.
You constrict the gnoll.
The gnoll hits you from afar with a +0 spear.
The gnoll misses you.
The gnoll hits you from afar with a +0 spear.
You hit the gnoll but do no damage.
The gnoll is moderately wounded.
You constrict the gnoll. The gnoll barely misses you.
The gnoll hits you with a +0 flail!
You die...

#. ..... #.##. ....#
#.##....# ....# # .........
....#.# #.......##......
####..........gg.
.............#g#
.............@.#
..............##
........#..#..#### ##
.......รท...#!....##)
...........###.#....
........###.....#...
###.......#......... ##
..........#...#.### ..# .#
#######.......#.#####.#####.#


You could see 3 gnolls.

Vanquished Creatures
  2 dart slugs
  2 ball pythons
  2 endoplasms
  A giant cockroach (D:1)
  5 goblins (D:1)
  4 hobgoblins
  4 bats
  3 kobolds
  5 rats
28 creatures vanquished.

Notes
Turn   | Place    | Note
-------+----------+-------------------------------------------
     0 | D:1      | voltaire321 the Octopode Earth Elementalist began the quest
                  | for the Orb.
     0 | D:1      | Reached XP level 1. HP: 11/11 MP: 3/3
    99 | D:1      | Reached XP level 2. HP: 6/18 MP: 5/5
   336 | D:1      | Learned a level 2 spell: Passwall
   989 | D:1      | Found Legim's Weapon Shoppe.
  1204 | D:2      | Reached XP level 3. HP: 18/22 MP: 6/6
  1453 | D:2      | Reached skill level 1 in Fighting
  1711 | D:2      | Slain by a gnoll

Illustrated notes

Levels and vault maps discovered:
D:1:      dpeg_arrival_stonehenge_12_columns, layout_loops_ring, serial_shops,
          nicolae_shop_window_shopping, kennysheep_decorative_pillar
D:2:      layout_rooms, minmay_pentomino_v2

Skill      XL: |  1  2  3 |
---------------+----------+-----
Fighting       | 1 |  1.0
Dodging        | |  2.4
Stealth        | |  2.6
Spellcasting   | |  2.3
Transmutations | |  1.5
Earth Magic    | |  3.2

Action                   || total
-------------------------++-------
Melee: Dagger            ||    77
       Constrict         ||    19
       Unarmed           ||     3
       Tentacles         ||    10
 Cast: Sandblast         ||     2
 Stab: Sleeping          ||     3
Armor: Skin              ||    14
Dodge: Dodged            ||    55

Table legend: (Time is in decaauts)
 A = Elapsed time spent in this place.
 B = Non-inter-level travel time spent in this place.
 C = Inter-level travel time spent in this place.
 D = Time resting spent in this place.
 E = Time spent auto-exploring this place.
 F = Levels seen in this place.
 G = Mean time per level.
                   A        B        C        D        E       F      G
               +--------+--------+--------+--------+--------+-----+--------+
         Total |   1710 |   1692 |     18 |    704 |    707 |   2 |  855.0 |
       Dungeon |   1710 |   1692 |     18 |    704 |    707 |   2 |  855.0 |
               +--------+--------+--------+--------+--------+-----+--------+

Top non-repeatable levels by time:
     D:1: 1193 daAuts
     D:2: 516 daAuts
